Map: Newkirk Precinct TE (Void)

Players

Loken - Winner!

  • Race: Protoss Protoss
  • League: Platinum
  • Spawn Location: 7:00

dallaskuken

  • Race: Protoss Protoss
  • League: Platinum
  • Spawn Location: 5:00

VOD

Have the link to the VOD?

Description

Time

  • Played on: April 4, 2017, 1:42 p.m.
  • Length: 19:40
Show
View Real Time Build Order
Export as new Build Order

Loken Protoss - Winner!

Build Orders: 1 Gate Expand 

Get SALT Encoding   

  12  0:01  Probe (Chrono Boost)  
  13  0:12  Probe (Chrono Boost)  
  14  0:26  Pylon  
  14  0:29  Probe (Chrono Boost)  
  15  0:44  Probe (Chrono Boost)  
  15  0:47  Gateway  
  16  0:55  Probe (Chrono Boost)  
  17  1:07  Probe (Chrono Boost)  
  18  1:18  Nexus  
  18  1:22  Probe (Chrono Boost)  
  19  1:35  Cybernetics Core  
  19  1:37  Zealot  
  21  1:40  Probe (Chrono Boost)  
  21  1:45  Assimilator  
  22  2:07  Forge  
  22  2:12  Pylon  
  22  2:30  Zealot  
  22  2:31  Assimilator  
  22  2:33  Probe (Chrono Boost)  
  25  2:44  Photon Cannon  
  25  2:48  Probe (Chrono Boost)  
  26  2:51  Warp Gate  
  26  2:57  Zealot  
  26  2:58  Probe (Chrono Boost)  
  29  2:59  Probe (Chrono Boost)  
  30  3:08  Probe (Chrono Boost)  
  30  3:09  Probe (Chrono Boost)  
  30  3:10  Pylon  
  32  3:19  Probe (Chrono Boost)  
  33  3:24  Stalker  
  35  3:29  Mothership Core (Chrono Boost), Probe (Chrono Boost)  
  38  3:41  Photon Cannon  
  38  3:54  Stalker  
  40  4:00  Probe (Chrono Boost)  
  41  4:04  Photon Cannon  
  41  4:11  Probe (Chrono Boost)  
  40  4:18  Pylon  
  40  4:24  Stalker, Probe (Chrono Boost)  
  41  4:25  Probe (Chrono Boost)  
  44  4:34  Probe (Chrono Boost)  
  44  4:35  Probe (Chrono Boost)  
  44  4:36  Gateway x2  
  46  4:41  Gateway  
  46  4:54  Gateway  
  46  4:57  Probe (Chrono Boost)  
  46  4:58  Pylon  
  47  5:07  Probe (Chrono Boost)  
  47  5:09  Twilight Council  
  48  5:16  Stalker, Pylon  
  50  5:27  Pylon  
  50  5:51  Forge x2  
  50  5:54  Stalker x3  
  50  5:55  Stalker x2  
  60  6:18  Stalker x2  
  60  6:19  Stalker x3  
  60  6:24  Photon Cannon  
  70  6:30  Photon Cannon  
  70  6:31  Charge  
  70  6:37  Probe (Chrono Boost)  
  70  6:38  Probe (Chrono Boost)  
  72  6:45  Protoss Ground Weapons Level 1  
  72  6:47  Probe (Chrono Boost)  
  72  6:49  Probe (Chrono Boost)  
  72  6:50  Assimilator  
  74  6:54  Assimilator  
  74  6:58  Probe (Chrono Boost)  
  74  6:59  Probe (Chrono Boost)  
  76  7:07  Stalker x3  
  82  7:09  Stalker  
  84  7:37  Stalker  
  86  7:46  Pylon  
  86  7:48  Pylon  
  86  7:51  Pylon  
  86  7:55  Pylon  
  86  8:15  Zealot x3  
  86  8:16  Zealot x2  
  96  8:28  Probe (Chrono Boost)  
  97  8:36  Stargate  
  97  8:38  Stargate, Probe (Chrono Boost)  
  98  8:43  Pylon  
  98  8:44  Pylon x2  
  98  8:49  Zealot x5, Probe (Chrono Boost)  
  109  8:56  Protoss Ground Weapons Level 2  
  109  8:57  Protoss Ground Armor Level 1  
  95  9:17  Zealot x3  
  95  9:18  Zealot x2  
  85  9:48  Zealot x4  
  85  9:49  Zealot  
  71  10:27  Zealot  
  71  10:28  Zealot x4  
  69  10:41  Void Ray x2  
  75  10:43  Probe (Chrono Boost)  
  75  10:45  Probe (Chrono Boost)  
  75  10:48  Blink  
  77  10:54  Probe (Chrono Boost)  
  77  10:56  Probe (Chrono Boost)  
  77  10:57  Stalker x5  
  89  11:21  Nexus  
  89  11:30  Sentry  
  89  11:31  Sentry x4  
  99  11:40  Pylon  
  99  12:07  Zealot  
  99  12:08  Zealot x4  
  67  12:41  Stalker x4  
  69  12:50  Probe x2 (Chrono Boost)  
  69  12:51  Probe (Chrono Boost)  
  72  13:06  Void Ray  
  72  13:16  Zealot  
  72  13:17  Zealot x2  
  62  13:45  Stalker x5  
  72  13:49  Void Ray  
  72  13:54  Void Ray  
  80  14:14  Robotics Facility  
  80  14:17  Sentry x3  
  80  14:18  Sentry x2  
  90  14:44  Zealot x3  
  90  14:45  Zealot x2  
  100  14:50  Void Ray x2  
  108  14:54  Protoss Ground Weapons Level 3  
  108  15:05  Observer  
  108  15:17  Stalker x3  
  108  15:18  Stalker x2  
  118  15:35  Dark Shrine  
  118  15:45  Stalker x4  
  118  15:46  Stalker  
  128  15:59  Nexus  
  54  16:48  Dark Templar x3  
  54  16:49  Dark Templar x2  
  64  16:54  Gateway  
  64  16:55  Gateway  
  64  16:56  Gateway x2  
  64  17:25  Stalker x4  
  64  17:26  Stalker  
  74  18:01  Zealot x2  
  74  18:02  Zealot x3  
  84  18:25  Dark Templar x3  
  68  18:44  Zealot x5  
  68  18:45  Zealot  
  74  19:00  Zealot x3  
  80  19:06  Zealot x2  
  80  19:07  Zealot x4  
  82  19:30  Zealot x4  
  82  19:31  Zealot x4  
Show
View Real Time Build Order
Export as new Build Order

dallaskuken Protoss 

Build Orders:  

Get SALT Encoding   

  12  0:01  Probe (Chrono Boost)  
  13  0:11  Probe (Chrono Boost)  
  14  0:17  Pylon  
  14  0:22  Probe (Chrono Boost)  
  16  0:35  Probe (Chrono Boost)  
  16  0:47  Gateway  
  16  0:50  Gateway  
  16  0:53  Probe (Chrono Boost)  
  17  1:09  Probe (Chrono Boost)  
  18  1:12  Assimilator  
  18  1:19  Probe (Chrono Boost)  
  18  1:20  Assimilator  
  19  1:30  Probe (Chrono Boost)  
  20  1:34  Cybernetics Core  
  20  1:39  Pylon  
  20  1:41  Probe (Chrono Boost)  
  21  1:52  Probe (Chrono Boost)  
  22  1:59  Warp Gate  
  22  2:02  Probe (Chrono Boost)  
  23  2:11  Stalker x2  
  23  2:14  Probe (Chrono Boost)  
  28  2:25  Pylon  
  28  2:26  Probe (Chrono Boost)  
  29  2:41  Stalker  
  32  2:52  Mothership Core (Chrono Boost)  
  32  2:56  Stalker  
  34  3:10  Robotics Facility  
  34  3:12  Probe (Chrono Boost)  
  35  3:31  Stalker  
  35  3:32  Stalker  
  39  4:18  Pylon  
  39  4:19  Pylon  
  39  4:21  Pylon  
  39  4:22  Stalker  
  39  4:36  Stalker  
  39  4:38  Probe (Chrono Boost)  
  42  4:41  Nexus  
  42  4:52  Stalker  
  44  5:06  Stalker  
  47  5:07  Probe (Chrono Boost)  
  47  5:08  Pylon  
  47  5:09  Pylon  
  47  5:11  Pylon  
  47  5:19  Probe (Chrono Boost)  
  48  5:31  Probe (Chrono Boost)  
  47  5:57  Probe (Chrono Boost)  
  47  6:00  Gateway  
  47  6:01  Gateway  
  47  6:03  Immortal  
  52  6:04  Gateway  
  52  6:08  Probe (Chrono Boost)  
  54  6:18  Probe (Chrono Boost)  
  54  6:24  Assimilator  
  54  6:28  Assimilator  
  54  6:29  Probe (Chrono Boost)  
  54  6:31  Forge  
  55  6:36  Probe (Chrono Boost)  
  55  6:39  Probe (Chrono Boost)  
  57  6:44  Sentry x2  
  62  6:48  Probe (Chrono Boost)  
  62  6:50  Probe (Chrono Boost)  
  63  7:00  Probe (Chrono Boost)  
  63  7:01  Probe (Chrono Boost)  
  65  7:07  Twilight Council  
  65  7:09  Stalker x3  
  65  7:10  Stalker  
  65  7:11  Probe (Chrono Boost)  
  65  7:13  Probe (Chrono Boost)  
  75  7:17  Immortal  
  75  7:21  Probe (Chrono Boost)  
  78  7:32  Probe (Chrono Boost)  
  78  7:36  Stalker x4  
  85  7:50  Blink  
  85  8:18  Probe (Chrono Boost)  
  86  8:21  Pylon  
  86  8:23  Pylon, Immortal  
  86  8:25  Protoss Ground Weapons Level 1  
  90  8:28  Probe (Chrono Boost)  
  90  8:32  Stalker x5  
  101  9:09  Templar Archives  
  69  9:27  Stalker x2  
  69  9:28  Stalker  
  69  9:29  Stalker x2  
  51  10:03  Stalker x3  
  51  10:04  Stalker x2  
  55  10:33  Nexus  
  53  10:38  High Templar x2  
  53  10:39  High Templar x2  
  61  10:47  Archon  
  61  10:48  Archon  
  61  10:50  Immortal  
  61  10:51  Stalker  
  67  11:20  Zealot x5  
  77  11:26  Immortal  
  77  11:30  Nexus  
  81  11:43  Stalker x2  
  85  12:03  Stalker  
  85  12:04  Stalker x2  
  91  12:11  Pylon  
  67  12:48  Immortal  
  67  12:53  Assimilator  
  67  12:56  High Templar x2  
  67  12:57  Assimilator  
  75  13:02  Archon  
  65  13:22  Immortal  
  57  13:58  Gateway  
  57  13:59  Stalker, Gateway  
  57  14:00  Stalker x4, Gateway  
  67  14:02  Gateway  
  67  14:03  Gateway  
  67  14:19  Immortal  
  67  14:24  Nexus  
  67  14:28  High Templar x2  
  67  14:29  High Templar x2  
  79  14:33  Archon  
  79  14:34  Archon  
  79  14:38  Protoss Ground Armor Level 1  
  79  14:48  Assimilator  
  79  14:50  Pylon  
  79  14:53  Pylon  
  79  15:08  Stalker x2  
  83  15:18  Zealot x4  
  83  15:19  Zealot x2  
  95  15:34  Sentry x3  
  101  15:39  High Templar x3  
  101  15:42  High Templar  
  109  15:44  Archon  
  109  15:48  Archon  
  109  15:54  Stalker x2  
  113  16:04  Stalker x3  
  65  16:50  Immortal  
  65  16:51  Stalker  
  65  16:52  Stalker x4  
  79  17:17  High Templar x3  
  85  17:24  Immortal  
  85  17:29  Zealot x4  
  97  17:30  Zealot x3  
  97  17:33  Archon  
  87  18:00  Observer  
  67  18:32  Stalker x2  
  67  18:33  Stalker x2  
  51  18:56  Zealot x5  
Tags
 
Add a new tag
Caveats
  • Supply blocks, unpowered buildings, or Contaminate may cause inaccurate times.
  • Supply counts are checked every 10 seconds.